 Dungeon Crawl Stone Soup version 0.30-a0-743-gbfdf073431 (webtiles) character file.

Game seed: 14558814511110408971

46 Leeroy the Slasher (level 3, -6/18 HPs)
             Began as a Vine Stalker Warper on Feb 5, 2023.
             Mangled by an orc
             ... wielding a +0 flail
              (7 damage)
             ... on level 2 of the Dungeon.
             The game lasted 00:01:09 (860 turns).

Leeroy the Slasher (Vine Stalker Warper)             Turns: 860, Time: 00:01:10

Health: -6/18      AC:  3    Str: 13    XL:     3   Next: 68%
Magic:  0/7        EV: 11    Int: 13    God:
Gold:   99         SH:  0    Dex: 15    Spells: 6/6 levels left

rFire   . . .      SeeInvis .    a - +0 falchion
rCold   . . .      Faith    .    (no shield)
rNeg    . . .      Spirit   +    b - +0 leather armour
rPois   .          Reflect  .    (no helmet)
rElec   .          Harm     .    (no cloak)
rCorr   .          Rampage  .    (no gloves)
Will    .....                    (no boots)
Stlth   +                        (no amulet)
HPRegen 0.23/turn                (no ring)
MPRegen 0.10/turn                (no ring)

@: no status effects
A: fangs 2, magic shield, antimagic bite, no potion heal 2
a: no special abilities


You were on level 2 of the Dungeon.
You visited 1 branch of the dungeon, and saw 2 of its levels.

You collected 99 gold pieces.

Inventory:

Hand Weapons
 a - a +0 falchion (weapon)
Missiles
 d - 7 boomerangs of dispersal (quivered)
 e - 4 boomerangs
Armour
 b - a +0 leather armour (worn)
Magical Staves
 i - a staff of poison
Scrolls
 c - 4 scrolls of blinking
 f - a scroll of poison {unknown}
 g - a scroll of enchant armour {unknown}
 h - a scroll of fog {unknown}
 j - a scroll of identify {unknown}
 k - a scroll of immolation {unknown}


   Skills:
 - Level 1.7 Fighting
 + Level 3.5 Long Blades
 - Level 0.8 Throwing
 - Level 0.7 Armour
 - Level 1.5 Dodging
 - Level 2.1 Spellcasting
 - Level 3.0 Translocations


You had 6 spell levels left.
You didn't know any spells.
Your spell library contained the following spells:

 Spells                   Type           Power      Damage    Failure   Level
 Blink                    Tloc           18%        N/A       14%         2
 Lesser Beckoning         Tloc           18%        N/A       14%         2
 Teleport Other           Tloc           9%         N/A       28%         3
 Vhi's Electric Charge    Tloc/Air       10%        N/A       45%         3
 Manifold Assault         Tloc           9%         N/A       67%         4


Dungeon Overview and Level Annotations

Branches:
Dungeon (2/15)

Altars:
Wu Jian


Innate Abilities, Weirdness & Mutations

You have extremely sharp teeth.
When hurt, damage is shared between your health and your magic reserves.
Your bite disrupts and absorbs the magic of your enemies.
Potions cannot restore your health.


Message History

You hit the endoplasm.
The endoplasm is lightly wounded.
The endoplasm freezes you.
You are frozen.
You hit the endoplasm.
You kill the endoplasm!
No target in view!
No target in view!
No target in view!
An endoplasm comes into view.
Found a stone staircase leading down.
An endoplasm is nearby!
An orc comes into view. It is wielding a +0 flail.
Found a scroll labelled ZASIOR VOUNE.
The orc shouts!
An orc priest comes into view. It is wielding a +0 whip.
The orc priest shouts!
The orc priest invokes the aid of Beogh against you.
Beogh smites you!
Ouch! That really hurt!
An orc comes into view. It is wielding a +0 flail.
You are too injured to fight recklessly!
You are too injured to fight recklessly!
You are too injured to fight recklessly!
You are too injured to fight recklessly!
You are too injured to fight recklessly!
You are too injured to fight recklessly!
The orc shouts!
You hit the endoplasm.
The endoplasm is almost dead.
The endoplasm freezes you.
You are frozen.
* * * LOW HITPOINT WARNING * * *
An orc comes into view. It is wielding a +0 dagger.
You hit the endoplasm.
You kill the endoplasm!
The orc hits you with a +0 flail.
* * * LOW HITPOINT WARNING * * *
The orc hits you with a +0 flail!
You die...

#.......# #.......#
#.......#####+#######
########.........?..#
#............#
#............#
#............####
#....†....o.....#
#........@....#
######.............oo.
................$.>.##
..............#######
..............#
..............#
._............#
.......########
.......


You could see 3 orcs.

Vanquished Creatures
  An adder (D:2)
  A dart slug (D:1)
  7 ball pythons
  2 bats (D:2)
  4 endoplasms
  2 goblins (D:1)
  A hobgoblin (D:2)
  A kobold (D:1)
  6 quokkas
  4 frilled lizards
  3 rats
32 creatures vanquished.

Notes
Turn   | Place    | Note
-------+----------+-------------------------------------------
     0 | D:1      | Leeroy the Vine Stalker Warper began the quest for the Orb.
     0 | D:1      | Reached XP level 1. HP: 11/11 MP: 4/4
   153 | D:1      | Reached XP level 2. HP: 11/15 MP: 6/6
   550 | D:1      | Reached XP level 3. HP: 18/18 MP: 7/7
   829 | D:2      | Found an ornate altar of the Wu Jian Council.
   860 | D:2      | Mangled by an orc

Illustrated notes

Levels and vault maps discovered:
D:1:      roderic_crossed_star, layout_loops_ring, st_stairs_13
D:2:      layout_basic, basic_altar

Skill      XL: |  1  2 |
---------------+-------+-----
Long Blades    | 2 3 |  3.5
Fighting       | |  1.7
Throwing       | |  0.8
Armour         | |  0.7
Dodging        | |  1.5
Spellcasting   | |  2.1
Translocations | |  3.0

Action                     || total
---------------------------++-------
  Melee: Falchion          ||    78
         Bite              ||    16
 Armour: Leather armour    ||    24
  Dodge: Dodged            ||    62

Table legend: (Time is in decaauts)
 A = Elapsed time spent in this place.
 B = Non-inter-level travel time spent in this place.
 C = Inter-level travel time spent in this place.
 D = Time resting spent in this place.
 E = Time spent auto-exploring this place.
 F = Levels seen in this place.
 G = Mean time per level.
                   A        B        C        D        E       F      G
               +--------+--------+--------+--------+--------+-----+--------+
         Total |    872 |    867 |      5 |      0 |    682 |   2 |  436.0 |
       Dungeon |    872 |    867 |      5 |      0 |    682 |   2 |  436.0 |
               +--------+--------+--------+--------+--------+-----+--------+

Top non-repeatable levels by time:
     D:1: 694 daAuts
     D:2: 177 daAuts
